 Dungeon Crawl Stone Soup version 0.29-a0-72-g1732ff48e7 (webtiles) character file.

Game seed: 14970074236337023288

49566 HallandMoats the Fighter (level 14, -9/79 HPs)
             Began as a Vine Stalker Fighter on Feb 3, 2022.
             Was a High Priest of Okawaru.
             Mangled by Agnes (15 damage)
             ... on level 15 of the Dungeon.
             The game lasted 00:24:29 (12435 turns).

HallandMoats the Fighter (Vine Stalker Fighter)    Turns: 12435, Time: 00:24:30

Health: -9/79      AC: 28    Str: 27    XL:     14   Next: 51%
Magic:  0/23       EV: 12    Int:  8    God:    Okawaru [*****.]
Gold:   785        SH:  9    Dex: 15    Spells: 13/13 levels left

rFire   . . .      SeeInvis .   a - +4 trident (venom)
rCold   . . .      Faith    .   b - +2 buckler
rNeg    + + .      Spirit   +   K - +7 plate armour of Wunacimi {Fly}
rPois   +          Reflect  .   (no helmet)
rElec   .          Harm     .   I - +1 cloak "Ixephul" {rN+ Dex+4}
rCorr   .          Rampage  .   (no gloves)
Will    +++..                   k - +2 pair of boots of the Enchanted Forest {Will++ Str+4 Dex-4}
Stlth   ..........              x - amulet of regeneration
HPRegen 1.83/turn               D - ring of poison resistance
MPRegen 0.18/turn               n - ring of positive energy

@: mighty, heroic, finesse-ful, flying
A: fangs 3, regeneration 1, magic shield, antimagic bite, no potion heal 2
a: Renounce Religion, Heroism, Finesse, Duel


You were on level 15 of the Dungeon.
You worshipped Okawaru.
Okawaru was extremely pleased with you.
You visited 2 branches of the dungeon, and saw 16 of its levels.
You also visited: Bailey.

You collected 785 gold pieces.

Inventory:

Hand Weapons
 a - a +4 trident of venom (weapon)
 i - a +4 trident of protection
Armour
 b - a +2 buckler (worn)
 k - the +2 pair of boots of the Enchanted Forest (worn) {Will++ Str+4 Dex-4}
   (You found it on level 2 of the Dungeon)

   Str:       It affects your strength (+4).
   Dex:       It affects your dexterity (-4).
   Will:      It greatly increases your willpower.
 I - the +1 cloak "Ixephul" (worn) {rN+ Dex+4}
   (Okawaru gifted it to you on level 13 of the Dungeon)

   Dex:       It affects your dexterity (+4).
   rN:        It protects you from negative energy.
 J - a +5 chain mail of cold resistance
 K - the +7 plate armour of Wunacimi (worn) {Fly}
   (You found it on level 15 of the Dungeon)

   Fly:       It grants you flight.
Jewellery
 n - a ring of positive energy (right hand)
 s - a ring of wizardry
 x - an amulet of regeneration (around neck)
 D - a ring of poison resistance (left hand)
Wands
 e - a wand of iceblast (24)
 z - a wand of digging (6)
 A - a wand of paralysis (6)
 B - a wand of flame (28)
 E - a wand of acid (1)
Scrolls
 c - 3 scrolls of identify
 o - a scroll of enchant weapon
 p - 4 scrolls of teleportation
 t - a scroll of amnesia {unknown}
 w - 2 scrolls of fear
 y - a scroll of magic mapping {unknown}
 F - a scroll of blinking
 G - a scroll of enchant armour
 H - 3 scrolls of brand weapon
Potions
 d - a potion of might
 f - 5 potions of haste
 g - 4 potions of mutation
 h - 6 potions of heal wounds {unknown}
 j - 4 potions of magic
 l - 4 potions of degeneration {unknown}
 m - 2 potions of resistance {unknown}
 q - 7 potions of curing
 r - 3 potions of flight {unknown}
 u - 4 potions of lignification {unknown}
 v - a potion of berserk rage {unknown}
 C - a potion of invisibility {unknown}


   Skills:
 * Level 11.9(16.9) Fighting
 * Level 11.7(16.7) Polearms
 + Level 7.1(12.1) Armour
 + Level 6.6(11.6) Dodging
 + Level 7.7(12.7) Shields
 * Level 11.2 Invocations


You had 13 spell levels left.
You didn't know any spells.
Your spell library contained the following spells:

 Spells                   Type           Power      Damage    Failure   Level
 Apportation              Tloc           0%         N/A       98%         1
 Freeze                   Ice            0%         1d3       98%         1
 Frozen Ramparts          Ice            0%         1d2       100%        3
 Fulminant Prism          Conj/Hex       0%         3d6       100%        4
 Hailstorm                Conj/Ice       0%         3d3       100%        4
 Iskenderun's Mystic Bla  Conj/Tloc      0%         2d3       100%        4
 Olgreb's Toxic Radiance  Pois           0%         N/A       100%        4
 Lee's Rapid Deconstruct  Erth           0%         3d5*      100%        5
 Ozocubu's Refrigeration  Ice            0%         4d5       100%        7
 Storm Form               Tmut/Air       0%         N/A       100%        7
 Ignition                 Fire           0%         3d3       100%        8
 Maxwell's Capacitive Co  Air            0%         ∞         100%        8
 Animate Skeleton         Necr           Unusable   N/A       N/A         1
 Summon Small Mammal      Summ           Unusable   N/A       N/A         1
 Summon Lightning Spire   Summ/Air       Unusable   N/A       N/A         4

Dungeon Overview and Level Annotations

Branches:
Dungeon (15/15)            Temple (1/1) D:4            Lair (0/6) D:10
    Orc (0/2) D:12         Vaults (0/5) D:14         Bailey (visited)
 Depths: D:15

Altars:
Ashenzari
Cheibriados
Dithmenos
Elyvilon
Fedhas
Gozag
Hepliaklqana
Kikubaaqudgha
Makhleb
Nemelex Xobeh
Okawaru
Qazlal
Ru
Sif Muna
Trog
Uskayaw
Vehumet
Wu Jian
Xom
Yredelemnul
Zin
The Shining One

Annotations:
D:8 3 runed translucent doors, HuGe's ghost, novice MiBe; grumblor's ghost, novice VSFi
D:15 Agnes


Innate Abilities, Weirdness & Mutations

You have razor-sharp teeth.
Your natural rate of healing is unusually fast.
When hurt, damage is shared between your health and your magic reserves.
Your bite disrupts and absorbs the magic of your enemies.
Potions cannot restore your health.


Message History

Agnes is moderately wounded.
Agnes hits you but does no damage. Space warps around you.
You miss Agnes. You bite Agnes! You drain her power.
You feel invigorated.
Agnes is heavily wounded.
Agnes hits you with a +0 lajatang of distortion!
You completely miss Agnes. Your bite misses Agnes.
Agnes is heavily wounded.
Agnes hits you with a +0 lajatang of distortion!
Space warps around you.
You barely miss Agnes.
Agnes is heavily wounded.
Agnes hits you with a +0 lajatang of distortion!!
* * * LOW HITPOINT WARNING * * *
You blink.
You feel very mighty all of a sudden.
Two slime creatures merge to form an enormous slime creature.
Two slime creatures merge to form a titanic slime creature.
You barely miss Agnes. You bite Agnes! You drain her power.
You feel invigorated.
Agnes is heavily wounded.
You block Agnes's attack.
You barely miss Agnes.
Agnes is heavily wounded.
You block Agnes's attack.
You completely miss Agnes.
Agnes is heavily wounded.
You block Agnes's attack.
You puncture Agnes!
Agnes looks as sick as possible!
Agnes is severely wounded.
Agnes hits you with a +0 lajatang of distortion!
* * * LOW HITPOINT WARNING * * *
Space warps horribly around you!!
* * * LOW HITPOINT WARNING * * *
Agnes closely misses you. Agnes completely misses you.
Agnes hits you but does no damage. Space warps horribly around you!
* * * LOW HITPOINT WARNING * * *
You reach down and open the door.
Agnes hits you with a +0 lajatang of distortion!!
You die...

###...###.
........
....... .....
.... #.. ##'###
#.@..## #....
#.iJ..# #.....
#.....# .....
#.....# #...
##...##
##...###'######
#......<......#
+.............#
#.............#


You could see Agnes (fast, extremely poisoned) and a titanic slime creature
(very poisoned).

Vanquished Creatures
  Louise (D:14)
  An orc warlord (Bailey)
  8 vault guards (D:14)
  A rakshasa (D:12)
  3 centaur warriors
  4 boulder beetles
  3 hydras
  Erica (D:8)
  2 two-headed ogres (D:11)
  2 tengu warriors (D:14)
  12 slime creatures
  Pikel (D:7)
  A manticore (D:12)
  A deep elf pyromancer (D:11)
  13 ugly things (D:14)
  4 cyclopes
  A yaktaur (D:15)
  A tengu conjurer (D:14)
  5 trolls
  A hornet (shapeshifter) (D:13)
  Grinder (D:4)
  A hornet (D:10)
  A vampire (D:13)
  A wraith (D:11)
  18 yaks
  Eustachio (D:6)
  3 wyverns
  2 steam dragons (D:7)
  Duvessa (D:7)
  10 orc warriors
  3 ice beasts
  2 sky beasts (D:6)
  A necrophage (D:8)
  2 black bears
  3 ogres
  26 centaurs
  2 phantoms
  2 kobold brigands
  5 bullfrogs
  Blork the orc (D:4)
  2 gnoll sergeants (D:12)
  4 scorpions
  Dowan (D:7)
  15 killer bees
  2 electric eels (D:10)
  4 wights (D:9)
  3 howler monkeys (D:11)
  A bullfrog zombie (D:6)
  3 centaur zombies
  4 hounds
  A bullfrog skeleton (D:6)
  3 orc priests
  A jelly (D:6)
  Ijyb (D:3)
  2 centaur skeletons
  4 iguanas
  A scorpion zombie (D:5)
  7 orc wizards
  A hound skeleton (D:4)
  6 gnolls
  4 adders
  A shadow imp (D:7)
  A white imp (D:7)
  An ufetubus (D:5)
  2 dart slugs (D:3)
  37 orcs
  8 ball pythons
  4 endoplasms
  3 giant cockroaches
  7 goblins
  12 hobgoblins
  13 kobolds
  3 quokkas
  4 bats
  2 frilled lizards
  6 rats
  A spectral orc (D:12)
327 creatures vanquished.

Vanquished Creatures (others)
  A fungus (D:10)
  A plant (D:10)
  6 withered plants (D:8)
8 creatures vanquished.

Grand Total: 335 creatures vanquished

Notes
Turn   | Place    | Note
-------+----------+-------------------------------------------
     0 | D:1      | HallandMoats the Vine Stalker Fighter began the quest for
                  | the Orb.
     0 | D:1      | Reached XP level 1. HP: 11/11 MP: 2/2
   159 | D:1      | Reached XP level 2. HP: 16/16 MP: 3/3
   899 | D:2      | Reached skill level 1 in Invocations
   911 | D:2      | Reached XP level 3. HP: 14/19 MP: 2/4
  1104 | D:2      | Identified the +2 pair of boots of the Enchanted Forest
                  | {Will++ Str+4 Dex-4}
  1497 | D:3      | Noticed Ijyb
  1693 | D:3      | Killed Ijyb
  1694 | D:3      | Gained mutation: Your natural rate of healing is unusually
                  | fast. [Vine Stalker growth]
  1694 | D:3      | Reached XP level 4. HP: 21/24 MP: 6/6
  1946 | D:3      | Reached skill level 1 in Dodging
  2004 | D:3      | Noticed a centaur
  2017 | D:3      | Killed a centaur
  2018 | D:3      | Reached XP level 5. HP: 27/28 MP: 7/7
  2761 | D:4      | Reached XP level 6. HP: 30/33 MP: 6/8
  2867 | D:4      | Noticed Grinder
  2885 | D:4      | Killed Grinder
  2886 | D:4      | Reached XP level 7. HP: 16/37 MP: 8/10
  2915 | D:4      | Found a staircase to the Ecumenical Temple.
  3039 | D:4      | Identified the +5 dagger of Punishment {pain, Dex+6}
  3293 | D:5      | Entered Level 5 of the Dungeon
  3293 | D:5      | Noticed Blork the orc
  3293 | D:5      | Found a hide-covered altar of Uskayaw.
  3309 | D:4      | Killed Blork the orc
  3395 | D:5      | Found a shimmering blue altar of Sif Muna.
  3568 | D:5      | Found a blossoming altar of Fedhas.
  3570 | D:5      | Found a snail-covered altar of Cheibriados.
  3661 | D:5      | Gained mutation: You have razor-sharp teeth. [Vine Stalker
                  | growth]
  3661 | D:5      | Reached XP level 8. HP: 38/42 MP: 11/11
  3821 | D:5      | Found an ancient bone altar of Kikubaaqudgha.
  4128 | D:6      | Noticed Eustachio
  4135 | D:6      | Found a glowing silver altar of Zin.
  4144 | D:6      | Killed Eustachio
  4145 | D:6      | Reached skill level 5 in Fighting
  4364 | Temple   | Entered the Ecumenical Temple
  4500 | Temple   | Became a worshipper of Warmaster Okawaru
  4657 | D:6      | Reached skill level 5 in Invocations
  4786 | D:6      | Reached skill level 5 in Polearms
  4786 | D:6      | Reached XP level 9. HP: 47/47 MP: 13/13
  5090 | D:7      | Reached * piety under Okawaru
  5249 | D:7      | Noticed Duvessa
  5249 | D:7      | Noticed Dowan
  5262 | D:7      | Killed Duvessa
  5265 | D:7      | Killed Dowan
  5346 | D:7      | Found a hazy altar of Hepliaklqana.
  5508 | D:7      | Noticed Pikel
  5522 | D:7      | Killed Pikel
  5522 | D:7      | Reached ** piety under Okawaru
  5675 | D:7      | Reached XP level 10. HP: 50/53 MP: 15/15
  5874 | D:7      | Reached skill level 5 in Shields
  5968 | D:8      | Found a runed translucent gate.
  5969 | D:8      | Found a runed translucent gate.
  5971 | D:8      | Found a runed translucent gate.
  5972 | D:8      | Noticed HuGe's ghost (novice MiBe)
  5973 | D:8      | Noticed grumblor's ghost (novice VSFi)
  6066 | D:8      | Noticed Erica
  6083 | D:8      | Killed Erica
  6083 | D:8      | Reached *** piety under Okawaru
  6571 | D:9      | Reached skill level 5 in Armour
  6633 | D:9      | Found a flagged portal.
  6657 | Bailey   | Entered a bailey
  6662 | Bailey   | Noticed an orc warlord
  6785 | Bailey   | Found a runed translucent gate.
  6785 | Bailey   | Found a runed translucent gate.
  6785 | Bailey   | Found a runed translucent gate.
  6962 | Bailey   | Killed an orc warlord
  6962 | Bailey   | Reached **** piety under Okawaru
  6963 | Bailey   | Reached XP level 11. HP: 59/59 MP: 8/17
  7625 | D:10     | Entered Level 10 of the Dungeon
  7766 | D:10     | Found a staircase to the Lair.
  7768 | D:10     | Reached ***** piety under Okawaru
  8405 | D:11     | Noticed a boulder beetle
  8420 | D:10     | Killed a boulder beetle
  8503 | D:11     | Noticed a two-headed ogre
  8511 | D:11     | Killed a two-headed ogre
  8512 | D:11     | Reached skill level 5 in Dodging
  8705 | D:11     | Noticed a boulder beetle
  8725 | D:11     | Killed a boulder beetle
  8859 | D:11     | Noticed a two-headed ogre
  8868 | D:11     | Killed a two-headed ogre
  8868 | D:11     | Reached ****** piety under Okawaru
  9053 | D:11     | Reached XP level 12. HP: 51/65 MP: 11/19
  9488 | D:12     | Reached skill level 10 in Fighting
  9488 | D:12     | Reached skill level 10 in Polearms
  9488 | D:12     | Reached XP level 13. HP: 72/72 MP: 20/20
  9601 | D:12     | Identified the +1 pair of boots of the Trombone {*Slow
                  | Slay+4 Stlth+} (Okawaru gifted it to you on level 12 of the
                  | Dungeon)
  9601 | D:12     | Received a gift from Okawaru
  9827 | D:12     | Found a staircase to the Orcish Mines.
 10394 | D:12     | Found a hazy altar of Hepliaklqana.
 10532 | D:13     | Reached skill level 10 in Invocations
 10545 | D:13     | Noticed a rakshasa
 10633 | D:12     | Killed a rakshasa
 10647 | D:12     | HP: 3/74 [burnt (3)]
 10746 | D:13     | Identified the +1 chain mail of Terror {Int+6}
 10836 | D:13     | Identified the +1 cloak "Ixephul" {rN+ Dex+4} (Okawaru
                  | gifted it to you on level 13 of the Dungeon)
 10836 | D:13     | Received a gift from Okawaru
 11249 | D:14     | Reached XP level 14. HP: 77/79 MP: 22/22
 11541 | D:14     | Found a gate to the Vaults.
 11921 | D:14     | Found a white marble altar of Elyvilon.
 11921 | D:14     | Found a glowing golden altar of the Shining One.
 11928 | D:14     | Found a glowing silver altar of Zin.
 11985 | D:14     | Noticed Louise
 12012 | D:14     | Killed Louise
 12180 | D:14     | Identified the +1 leather armour of the Lost Path {Will+
                  | Stlth+}
 12254 | D:15     | Entered Level 15 of the Dungeon
 12261 | D:15     | Identified the +7 plate armour of Wunacimi {Fly}
 12418 | D:15     | Noticed Agnes
 12435 | D:15     | Mangled by Agnes

Illustrated notes

Levels and vault maps discovered:
D:1:      elethiomel_arrival_shortcut, layout_basic
D:2:      layout_rooms
D:3:      layout_basic, uniq_ijyb
D:4:      layout_basic, minmay_temple_entry_overgrown, uniq_grinder
D:5:      layout_basic, mainiacjoe_overflow_catwalk, grunt_temple_overflow_open,
          nicolae_overflow_hidden_temple, uniq_blork_the_orc
D:6:      layout_cave_pools, mainiacjoe_overflow_brackets,
          amcnicky_mini_pool_small, uniq_eustachio
D:7:      layout_loops_cross, old_standard_altar, uniq_pikel, uniq_duvessa
D:8:      layout_rooms, gammafunk_ghost_cemetery, uniq_erica
D:9:      layout_long_grid, enter_bailey_2
D:10:     layout_basic, grunt_lair_entry_orc_guard_hut, wad_floor_pattern_2
D:11:     layout_loops_corners
D:12:     layout_basic, kennysheep_orc_monster_closet_entryway,
          minmay_misc_feat_diagonals, kennysheep_donut,
          nicolae_hepliaklqana_monster_ancestors
D:13:     layout_cave_pools
D:14:     layout_roguey, erik_vaults_2, good_gods_mini_temple, hex_tiny,
          uniq_louise
D:15:     grunt_enter_depths_magical_seal, layout_gridville,
          biasface_ghost_orc_armoury, serial_glass, glass_columns_c,
          glass_columns_b, corexii_hall_statues_deadend, uniq_agnes, uniq_kirke
Temple:   regret_index_temple_waves

Skill      XL: |  1  2  3  4  5  6  7  8  9 10 11 12 13 14 |
---------------+-------------------------------------------+-----
Polearms       | 2 3 4 5 6 7 8 10 11 | 11.7
Invocations    | 1 2 3 5 6 7 9 10 11 | 11.2
Fighting       | 3 4 5 6 7 8 10 11 | 11.9
Dodging        | 1 2 3 4 5 6 |  6.6
Shields        | 3 4 5 6 7 |  7.7
Armour         | 3 4 5 6 7 |  7.1

Action                   |  1- 3 |  4- 6 |  7- 9 | 10-12 | 13-15 || total
-------------------------+-------+-------+-------+-------+-------++-------
Melee: Trident           |    95 |   103 |    16 |   367 |   687 ||  1268
       Bite              |    15 |    19 |    91 |   132 |   262 ||   519
       Dagger            |       |       |   298 |    95 |       ||   393
Invok: Heroism           |       |       |       |     1 |     8 ||     9
       Finesse           |       |       |       |       |     2 ||     2
  Use: Scroll            |       |     4 |     3 |     5 |     2 ||    14
       Potion            |       |       |     1 |     2 |     1 ||     4
Armor: Scale mail        |    45 |    52 |   199 |   104 |       ||   400
       Chain mail        |       |       |       |   148 |   260 ||   408
       Plate armour      |       |       |       |       |     9 ||     9
Dodge: Dodged            |    24 |    45 |   155 |   242 |   217 ||   683
Block: Buckler           |    14 |    15 |   102 |   146 |   201 ||   478

Table legend: (Time is in decaauts)
 A = Elapsed time spent in this place.
 B = Non-inter-level travel time spent in this place.
 C = Inter-level travel time spent in this place.
 D = Time resting spent in this place.
 E = Time spent auto-exploring this place.
 F = Levels seen in this place.
 G = Mean time per level.
                   A        B        C        D        E       F      G
               +--------+--------+--------+--------+--------+-----+--------+
         Total |  12341 |  11751 |    590 |    344 |   8181 |  17 |  725.9 |
       Dungeon |  11768 |  11243 |    525 |    344 |   7934 |  15 |  784.5 |
        Temple |    175 |    110 |     65 |      0 |     97 |   1 |  175.0 |
        Bailey |    397 |    397 |      0 |      0 |    150 |   1 |  397.0 |
               +--------+--------+--------+--------+--------+-----+--------+

Top non-repeatable levels by time:
    D:11: 1085 daAuts
    D:12: 1035 daAuts
     D:3: 1018 daAuts
     D:4: 946 daAuts
    D:14: 935 daAuts
     D:9: 901 daAuts
     D:1: 855 daAuts
     D:7: 818 daAuts
    D:10: 808 daAuts
     D:5: 720 daAuts
     D:2: 712 daAuts
     D:6: 690 daAuts
    D:13: 606 daAuts
     D:8: 471 daAuts
  Bailey: 397 daAuts
